 Dungeon Crawl Stone Soup version 0.23-a0-151-gf6d1ed2 (webtiles) character file.

23 Inarius the Chucker (level 3, -4/37 HPs)
             Began as an Ogre Hunter on Sept 7, 2018.
             Slain by an adder (5 damage)
             ... on level 1 of the Dungeon.
             The game lasted 00:02:04 (877 turns).

Inarius the Chucker (Ogre Hunter)                    Turns: 877, Time: 00:02:05

Health: -4/37      AC:  3    Str: 17    XL:     3   Next: 0%
Magic:  3/3        EV: 10    Int: 12    God:
Gold:   19         SH:  0    Dex:  9    Spells: 2/2 levels left

rFire    . . .     SeeInvis .   j - +1 dagger (holy)
rCold    . . .     Gourm    .   (no shield)
rNeg     . . .     Faith    .   b - +0 robe
rPois    .         Spirit   .   (helmet restricted)
rElec    .         Reflect  .   (no cloak)
rCorr    .         Harm     .   (gloves unavailable)
MR       .....                  (boots unavailable)
Stlth    +.........             (no amulet)
HPRegen  0.12/turn              (no ring)
MPRegen  0.08/turn              (no ring)

@: lethally poisoned (-4 -> -17)
A: large, unfitting armour, tough skin 1
a: no special abilities


You were on level 1 of the Dungeon.
You were not hungry.

You visited 1 branch of the dungeon, and saw 2 of its levels.

You collected 19 gold pieces.

Inventory:

Hand Weapons
 h - a +0 club
 j - a +1 dagger of holy wrath (weapon)
Missiles
 c - 5 large rocks (quivered)
 d - 2 throwing nets
Armour
 b - a +0 robe (worn)
Scrolls
 a - a scroll of amnesia {unknown}
 e - a scroll of noise {unknown}
 i - a scroll of identify {unknown}
Comestibles
 f - 2 rations
 g - 3 chunks of flesh


   Skills:
 * Level 3.1 Fighting
 - Level 0.4 Short Blades
 * Level 0.2 Maces & Flails
 + Level 4.4 Throwing
 + Level 2.0 Dodging
 - Level 0.6 Stealth


You had 2 spell levels left.
You didn't know any spells.
Your spell library was empty.

Dungeon Overview and Level Annotations

Branches:
Dungeon (2/15)

Altars:


Innate Abilities, Weirdness & Mutations

You are too large for most types of armour.
You have tough skin. (AC +1)


Message History

Press ? for a list of commands and other information.
You aren't carrying any potions.
You aren't carrying any potions.
You miss the adder.
The adder is lightly wounded.
* * * LOW HITPOINT WARNING * * *
You feel sick. The adder bites you.
* * * LOW HITPOINT WARNING * * *
You are more poisoned.
The adder poisons you!
You completely miss the adder.
The adder is lightly wounded.
* * * LOW HITPOINT WARNING * * *
You feel sick. The adder completely misses you.
Unknown command.
You hit the adder.
The adder is moderately wounded.
* * * LOW HITPOINT WARNING * * *
You feel sick. The adder barely misses you. The adder bites you.
You die...

#.########.# #############.# #.#
#..........##.##### #.#
#.########........# #.# ####.#
####.###.# #.# .....###### #.#
#.# #.# ..........######.# #.#
#.# .###.####........# #.# #.# #
.# #.# ########@# #.# #.# ##
.###.###########S###.####.# #.
............##..g)........# #.
##...###.....#.#..........######.
#.#.##........#.###.###.........
#.#.##...........##.############
##.#.##.......#.#.##.............
...#.##......##...##.##...#######
.....#.###.......)........#


You could see a gnoll and an adder.

Vanquished Creatures
  A dart slug (D:1)
  2 giant cockroaches (D:1)
  A goblin (D:1)
  5 hobgoblins (D:1)
  3 bats (D:1)
  6 frilled lizards (D:1)
  2 kobolds (D:1)
  A rat (D:1)
21 creatures vanquished.

Notes
Turn   | Place    | Note
-------+----------+-------------------------------------------
     0 | D:1      | Inarius the Ogre Hunter began the quest for the Orb.
     0 | D:1      | Reached XP level 1. HP: 22/22 MP: 1/1
   108 | D:1      | Reached XP level 2. HP: 27/29 MP: 2/2
   773 | D:1      | Reached XP level 3. HP: 31/37 MP: 3/3
   877 | D:1      | HP: 1/37 [poisoned by an adder]
   877 | D:1      | Slain by an adder

Vault maps used:
D:1:      ncdulo_wetmaze, minmay_misc_feat_four_crosses, minmay_lizard_pond
D:2:      minitemple, uniq_terence, uniq_natasha

Skill      XL: |  1  2 |
---------------+-------+-----
Fighting       | 3 |  3.1
Dodging        | 2 |  2.0
Short Blades   | |  0.4
Maces & Flails | |  0.2
Throwing       | |  4.4
Stealth        | |  0.6

Action                   || total
-------------------------++-------
Melee: Short sword       ||    60
       Dagger            ||    24
 Stab: Sleeping          ||     1
Armor: Robe              ||    37
Dodge: Dodged            ||    52

Table legend:
 A = Non-vault XP
 B = Vault XP
 C = Vault XP percentage of total XP
 D = Non-vault monster count
 E = Vault monster count
 F = Vault count percentage of total count
                 A         B        C        D         E       F
            +---------+---------+-------+---------+---------+-------
      Total |      31 |       3 |   8.8 |      18 |       3 |  14.3
            +---------+---------+-------+---------+---------+-------
        D:1 |      31 |       3 |   8.8 |      18 |       3 |  14.3
            +---------+---------+-------+---------+---------+-------
